 Dungeon Crawl Stone Soup version 0.27-a0-1123-g2f9bb313c0 (webtiles) character file.

Game seed: 1673184506428222953

1 lmSkywalker the Insei (level 1, -1/17 HPs)
             Began as a Djinni Transmuter on May 3, 2021.
             Slain by a goblin
             ... wielding a +2 dagger of electrocution
              (2 damage)
             ... on level 1 of the Dungeon.
             The game lasted 00:01:19 (115 turns).

lmSkywalker the Insei (Djinni Transmuter)            Turns: 115, Time: 00:01:19

Health: -1/17      AC:  2    Str:  9    XL:     1   Next: 20%
Gold:   33         EV: 12    Int: 14    God:
                   SH:  0    Dex: 13

rFire    + + .     SeeInvis .     - Unarmed
rCold    x . .     Faith    .   (no shield)
rNeg     . . .     Spirit   .   a - +0 robe
rPois    ∞         Reflect  .   (helmet currently unavailable)
rElec    .         Harm     .   (no cloak)
rCorr    .         Rampage  .   (no gloves)
Will     .....                  (boots unavailable)
Stlth    +.........             (no amulet)
HPRegen  0.05/turn              (no ring)
MPRegen  0.00/turn              (no ring)

@: appendages (expiring), flying
A: horns 2, flying, fire resistance 2, cold vulnerability 1, float, innate
caster, hp casting, extra vitality 1
a: End Transformation


You were on level 1 of the Dungeon.
You had temporarily grown beastly horns.
You visited 1 branch of the dungeon, and saw 1 of its levels.

You collected 33 gold pieces.

Inventory:

Armour
 a - a +0 robe (worn)


   Skills:
 - Level 1.0 Fighting
 - Level 2.1 Dodging
 + Level 3.0 Unarmed Combat
 + Level 1.8 Spellcasting


You couldn't memorise any spells.
You knew the following spells:

 Your Spells              Type           Power      Damage    Failure   Level
a - Beastly Appendage     Tmut           12%        N/A       12%         1
b - Wereblood             Tmut           6%         N/A       17%         2
c - Spider Form           Tmut/Pois      3%         N/A       34%         3
d - Ice Form              Ice/Tmut       6%         N/A       75%         4
e - Hydra Form            Tmut           3%         N/A       97%         5
Your spell library was empty.

Dungeon Overview and Level Annotations

Branches:
Dungeon (1/15)

Altars:


Innate Abilities, Weirdness & Mutations

You have temporarily grown beastly horns.
You are flying.
You are immune to poison.
Your flesh is very heat resistant. (rF++)
You are vulnerable to cold. (rC-)
You float through the air rather than walking.
You learn spells naturally, not from books.
Your magical power is your life essence.
You have superior vitality. (+4 HP)


Message History

A hobgoblin comes into view.
The hobgoblin shouts!
A goblin comes into view.
It is wielding a +2 dagger of electrocution.
Found 6 gold pieces.
The goblin shouts!
Casting: Beastly Appendage (safe; 12% risk of failure)
Confirm with . or Enter, or press ? or * to list all spells.
You grow a pair of large bovine horns.
The hobgoblin hits you but does no damage.
The hobgoblin hits you.
You barely miss the hobgoblin. The hobgoblin hits you.
You hit the hobgoblin.
You headbutt the hobgoblin, but do no damage.
The hobgoblin is heavily wounded.
The hobgoblin hits you.
You are too injured to fight recklessly!
You barely miss the hobgoblin.
The hobgoblin is heavily wounded.
The goblin misses you. The hobgoblin barely misses you.
You closely miss the hobgoblin.
The hobgoblin is heavily wounded.
Your transformation is almost over.
The goblin closely misses you. The hobgoblin barely misses you.
You closely miss the hobgoblin.
The hobgoblin is heavily wounded.
The goblin hits you with a +2 dagger of electrocution.
* * * LOW HITPOINT WARNING * * *
The hobgoblin barely misses you.
You hit the hobgoblin.
The hobgoblin is severely wounded.
The goblin closely misses you. The hobgoblin hits you.
* * * LOW HITPOINT WARNING * * *
You hit the hobgoblin.
The hobgoblin is almost dead.
The goblin barely misses you. The hobgoblin hits you.
* * * LOW HITPOINT WARNING * * *
You hit the hobgoblin.
You kill the hobgoblin!
The goblin hits you with a +2 dagger of electrocution.
You die...

.......# ......#
.$....♣ .....♣
#### .....♣
##..#######....♣♣
#<...'..........♣
#....#...@g.....♣
##..#######......♣
##'# .......♣ #..#
P.......♣ #..#
..P..#..#♣ #..#
P.P.P.#..# #..#
.P....# .# #..#
.P.....# .# #..#


You could see a goblin.

Vanquished Creatures
  An endoplasm (D:1)
  A hobgoblin (D:1)
2 creatures vanquished.

Notes
Turn   | Place    | Note
-------+----------+-------------------------------------------
     0 | D:1      | lmSkywalker the Djinni Transmuter began the quest for the
                  | Orb.
     0 | D:1      | Reached XP level 1. HP: 17/17 MP: 0/0
   115 | D:1      | Slain by a goblin

Illustrated notes

Levels and vault maps discovered:
D:1:      sevenhm_arrival_forest_fort_large_4, layout_loops_cross,
          basic_ecumenical_altar, serial_shops, shop, st_stairs_3

Action                   || total
-------------------------++-------
Melee: Unarmed           ||    11
       Headbutt          ||     1
 Cast: Beastly Appendage ||     3
Armor: Robe              ||     1
Dodge: Dodged            ||    10

Table legend: (Time is in decaauts)
 A = Elapsed time spent in this place.
 B = Non-inter-level travel time spent in this place.
 C = Inter-level travel time spent in this place.
 D = Time resting spent in this place.
 E = Time spent auto-exploring this place.
 F = Levels seen in this place.
 G = Mean time per level.
                   A        B        C        D        E       F      G
               +--------+--------+--------+--------+--------+-----+--------+
         Total |    114 |    114 |      0 |     21 |     22 |   1 |  114.0 |
       Dungeon |    114 |    114 |      0 |     21 |     22 |   1 |  114.0 |
               +--------+--------+--------+--------+--------+-----+--------+

Top non-repeatable levels by time:
     D:1: 114 daAuts
